[Event "Early-Titled-Tuesday-Blitz-October-10-2023"]
[Site "Chess.com"]
[Date "2023.10.10"]
[Round "8"]
[White "GradualismUnleashed"]
[Black "Haykoooo0o"]
[Result "1-0"]
[WhiteElo "2572"]
[BlackElo "2449"]
[TimeControl "180+1"]
[EndTime "9:28:21 PDT"]
[Termination "GradualismUnleashed won by resignation"]

1. e4 e6 2. d4 d5 3. Nc3 Bb4 4. e5 c5 5. a3 Bxc3+ 6. bxc3 Qa5 7. Bd2 Qa4 8. Qg4 g6 9. Bd3 Ne7 10. h4 h5 11. Qf3 c4 12. Be2 Qxc2 13. Qf6 Rg8 14. Nf3 Nd7 15. Qf4 Qf5 16. Qh6 b6 17. O-O Bb7 18. a4 a6 19. Bg5 Nf8 20. Rab1 Qc2 21.
Rxb6 Nf5 22. Bd1 Qa2 23. Rxb7 Nxh6 24. Bxh6 Nd7 25. Bg5 Rb8 26. Ra7 Rb1 27. a5 Qa1 28. Ra8+ Nb8 29. Ba4+ Qxa4 30. Rxb1 Kd7 31. Ra7+ Kc8 32.
Ra8 Qb3 33. Rxb3 cxb3 34. Ra7 Nc6 35. Rxf7 Nxa5 36. Nd2 Kb8 37. Re7 b2 38. Rxe6 Nc4 39. Rxa6 Nxd2 40. Rb6+ Kc7 41. Rxb2 Nc4 42. Rb5 Nb6 43.
Rc5+ Kd7 44. f4 Ra8 45. Kf2 Ra2+ 46. Kf3 Ra1 47. g4 hxg4+ 48. Kxg4 Rg1+ 49. Kf3 Rf1+ 50.
Kg2 Rd1 51. h5 gxh5 52. f5 Re1 53. e6+ Kd6 54. Ra5 Nc4 55. Ra6+ Kc7 56. Ra7+ Kb6 57.
Rd7 Kc6 58. Rd8 Nd6 59. e7 Re4 60. Kf3 Nf7 61. e8=Q+ Rxe8 62. Rxe8 Nxg5+ 63. Kf4 Nf7 64. Re6+ Kb5 65. Re7 Nd6 66. f6 Kc4 67. Rc7+ Kd3 68.
Ke5 1-0

[Event "Early-Titled-Tuesday-Blitz-October-10-2023"]
[Site "Chess.com"]
[Date "2023.10.10"]
[Round "8"]
[White "Elprofessor21"]
[Black "DefiantChair"]
[Result "0-1"]
[WhiteElo "2771"]
[BlackElo "2636"]
[TimeControl "180+1"]
[EndTime "9:28:22 PDT"]
[Termination "DefiantChair won by resignation"]

1. d4 Nf6 2. Nc3 d5 3. Bg5 c6 4. f3 Qb6 5. Rb1 Bf5 6. g4 Bg6 7.
Qd2 Nbd7 8. Na4 Qd8 9. Nh3 h6 10. Bh4 e6 11. Nf4 Bh7 12. Nd3 Qc7 13. Bg3 Bd6 14.
Bxd6 Qxd6 15. Nac5 Nxc5 16. Nxc5 O-O-O 17. Qa5 Kb8 18. Qb4 b6 19. Rc1 Qf4 20. Nb3 Ka8 21.
Qd2 Qd6 22. Bg2 e5 23. O-O e4 24. fxe4 Bxe4 25. Qf4 Qe6 26. Bf3 Rhe8 27. Nd2 Bg6 28. c4 Kb7 29. b4 Qe3+ 30. Qxe3 Rxe3 31. b5 cxb5 32. cxd5 Rd6 33. Kf2 Ra3 34. Ra1 Kb8 35. e4 Rd7 36. Rfc1 Rd3 37. Rc2 Rc7 38. Rac1 Rxd2+ 39.
Rxd2 Rxc1 40. Ke3 Nd7 41. e5 Rc3+ 42. Kf4 Kc7 43. e6 fxe6 44. dxe6 Nb8 45. d5 Kd6 46. Re2 Rc4+ 47. Kg3 Rc2 48. Re3 Na6 49. e7 Be8 50. Be4 Rc7 51. Bf5 Rxe7 52. Rf3 Nc5 53. h4 Bd7 54. Kf4 Bxf5 55. gxf5 Nd7 56. Rg3 Nf6 57. Rg6 Kxd5 58. Kf3 b4 59. Rg1 a5 60. Rd1+ Kc5 61. Rc1+ Kb5 62. Re1 Rxe1 0-1

[Event "Early-Titled-Tuesday-Blitz-October-10-2023"]
[Site "Chess.com"]
[Date "2023.10.10"]
[Round "8"]
[White "Roman_Ovetchkin"]
[Black "masterofpuppets2"]
[Result "1-0"]
[WhiteElo "2697"]
[BlackElo "2513"]
[TimeControl "180+1"]
[EndTime "9:28:23 PDT"]
[Termination "Roman_Ovetchkin won by resignation"]

1. e4 c5 2. Nf3 Nc6 3. Bb5 e6 4.
Bxc6 bxc6 5. d3 Ne7 6. Qe2 f6 7. Nh4 g6 8. f4 f5 9. O-O Bg7 10. e5 d6 11. Nf3 O-O 12. Na3 d5 13. c4 a5 14. Be3 d4 15. Bf2 Bd7 16. Bh4 Re8 17.
Rab1 Qb6 18. Nc2 Rab8 19. Kh1 Kh8 20. Rg1 Ng8 21. h3 Bf8 22. Kh2 Be7 23. Bxe7 Rxe7 24.
Qd2 Qc7 25. g4 fxg4 26. hxg4 Rf8 27. Rbf1 Be8 28. Kg2 Nh6 29. Kg3 Nf7 30. g5 h5 31.
Nce1 Kg7 32. Qe2 Nh8 33. Nd2 Ref7 34. Ne4 Rf5 35. Nf6 Nf7 36. Rh1 Nd8 37. Nf3 Rh8 38.
Nd2 Kf7 39. Nde4 Ke7 40. Nd6 Bf7 41. b3 Rf8 42. Qd2 Bg8 43. a3 Nf7 44. Nxf5+ exf5 45. b4 cxb4 46. axb4 Nd8 47. Ra1 Ne6 48. Rxa5 Bf7 49. Rha1 Rb8 50. Ra7 Rb7 51. Rxb7 Qxb7 52. c5 Nc7 53.
Qb2 Nb5 54. Ra5 Nc3 55. Qa3 Nb5 56. Qa1 Be6 57. Ra6 Bc8 58. Rb6 Qc7 59. Rxb5 cxb5 60. Qxd4 Be6 61. Qd6+ Qxd6 62. exd6+ Kd8 63. d4 Bc4 64. d5 Kc8 65. c6 Kd8 66. d7 Bb3 67.
d6 1-0

[Event "Early-Titled-Tuesday-Blitz-October-10-2023"]
[Site "Chess.com"]
[Date "2023.10.10"]
[Round "8"]
[White "ploxoi"]
[Black "Lion-Al-Messi"]
[Result "0-1"]
[WhiteElo "2449"]
[BlackElo "2624"]
[TimeControl "180+1"]
[EndTime "9:28:23 PDT"]
[Termination "Lion-Al-Messi won by resignation"]

1. d4 d5 2. c4 c6 3. Nf3 Nf6 4. e3 e6 5. b3 Nbd7 6. Bd3 Ne4 7.
O-O f5 8. Ba3 Bxa3 9. Nxa3 O-O 10. Qc2 Qe7 11. Nb1 Ndf6 12. Ne5 Bd7 13. f3 Nd6 14.
Nd2 Rac8 15. c5 Nf7 16. f4 Nxe5 17. dxe5 Ne4 18. Bxe4 fxe4 19. b4 Rf7 20. Nb3 Rcf8 21. Nd4 g5 22. g3 Kh8 23. Kh1 Be8 24. a4 gxf4 25. gxf4 Rg7 26. Qf2 Bh5 27. Rg1 b6 28. Rxg7 Qxg7 29. Rg1 Qf7 30. Rg5 bxc5 31. bxc5 h6 32.
Rg1 Rb8 33. h3 Rb4 34. a5 Rxd4 35. exd4 Bf3+ 36. Kh2 Qxf4+ 37. Qg3 Qd2+ 38. Rg2 Qxg2+ 39. Qxg2 Bxg2 40. Kxg2 Kg7 41. Kg3 Kg6 42. Kg4 e3 43. Kf3 Kg5 44. Kxe3 Kh4 45. Kf4 Kxh3 46. Kf3 h5 47. a6 h4 48. Kf4 Kg2 49. Kg5 h3 50. Kf6 h2 51. Kxe6 h1=Q 52. Kd6 Qh6+ 53. e6 Kf3 54.
Kd7 Ke4 55. e7 Qh3+ 56. Kd8 Qe6 57. e8=Q Qxe8+ 58. Kxe8 Kxd4 59. Kd7 Kxc5 60. Kc7 d4 61. Kb7 d3 62. Kxa7 d2 63. Kb7 d1=Q 64. a7 Qd7+ 65. Kb8 Kb6 66. a8=N+ Ka6 67. Nc7+ Kb6 68. Na8+ Ka5 69. Nb6 Kxb6 0-1

[Event "Early-Titled-Tuesday-Blitz-October-10-2023"]
[Site "Chess.com"]
[Date "2023.10.10"]
[Round "8"]
[White "ivana_999"]
[Black "Rosh1610"]
[Result "1-0"]
[WhiteElo "2098"]
[BlackElo "2431"]
[TimeControl "180+1"]
[EndTime "9:28:23 PDT"]
[Termination "ivana_999 won on time"]

1. d4 Nf6 2. c4 e6 3. Nc3 Bb4 4. a3 Bxc3+ 5. bxc3 c5 6. f3 O-O 7.
e4 d6 8. Bd3 b6 9. Ne2 Nc6 10.
O-O Ba6 11. Bg5 h6 12. Bh4 e5 13. d5 Na5 14. Ng3 Bxc4 15. Bxc4 Nxc4 16. Nf5 Kh7 17. Qc1 Rg8 18. Kh1 g5 19. Bf2 Nh5 20. g3 Ng7 21.
g4 Qf6 22. Rg1 Nxf5 23. gxf5 Na5 24. Qf1 Kg7 25. Qh3 Kf8 26. Be3 Ke7 27. Qf1 Kd7 28. Qb5+ Kc7 29. Rab1 Rg7 30. Rb2 h5 31. Rbg2 Rag8 32.
Qa6 Kb8 33. c4 g4 34. fxg4 hxg4 35. Bd2 Nb3 36. Bc3 g3 37. Rxg3 Rxg3 38. Rxg3 Rxg3 39. hxg3 Qh6+ 40. Kg2 Qe3 41. Qb5 Qxe4+ 42. Kh2 Qc2+ 43.
Kg1 Qd1+ 44. Kh2 Qe2+ 45. Kg1 Qd1+ 46. Kh2 Qh5+ 47. Kg1 Qxf5 48. Qe8+ Qc8 49. Qxf7 e4 50.
Qe7 Nd4 51. Qxd6+ Kb7 52. Qe7+ Ka6 53. Qxe4 Qh3 54. Bxd4 1-0

[Event "Early-Titled-Tuesday-Blitz-October-10-2023"]
[Site "Chess.com"]
[Date "2023.10.10"]
[Round "8"]
[White "sokidze"]
[Black "Fan_Of_Chucky"]
[Result "1-0"]
[WhiteElo "2793"]
[BlackElo "2540"]
[TimeControl "180+1"]
[EndTime "9:28:24 PDT"]
[Termination "sokidze won on time"]

1. e4 c5 2. Nf3 e6 3. d4 cxd4 4. Nxd4 Nc6 5. Nc3 Qc7 6. Qd3 a6 7. Nxc6 bxc6 8. Qg3 Qxg3 9. hxg3 Nf6 10. f3 Bb4 11. Bd2 d5 12. g4 dxe4 13. Nxe4 Bxd2+ 14. Nxd2 Nd5 15. Nc4 Ke7 16. O-O-O c5 17. Bd3 Bb7 18.
Na5 Rab8 19. Be4 Ba8 20. c4 Ne3 21. Bxa8 Nxd1 22. Nc6+ Kf6 23. Nxb8 Rxb8 24. Rxd1 Rxa8 25. Rd7 Rc8 26. Kc2 Rc6 27. Kc3 e5 28. b3 Ke6 29.
Ra7 g6 30. g5 Kf5 31. Rxf7+ Kxg5 32. Rxh7 Kf4 33. Re7 Kg3 34. Rxe5 Kxg2 35. f4 Kf3 36. f5 g5 37. f6 Kf4 38. f7 Rf6 39. Rxc5 g4 40.
Rc6 Rxf7 41. Rxa6 Rg7 42. Rf6+ Ke3 43. Re6+ Kf2 44. Rf6+ Ke2 45. Re6+ Kf2 46. Rd6 g3 47. a4 Ke3 48. Re6+ Kf2 49. Kd2 g2 50. Rf6+ Kg1 51. a5 Rd7+ 52. Ke2 Re7+ 53. Kf3 Kh1 54. Rh6+ Kg1 55. Rg6 Rf7+ 56. Ke4 Re7+ 57. Kd5 Re3 58. b4 Rd3+ 59. Kc5 Kf1 60. b5 1-0

[Event "Early-Titled-Tuesday-Blitz-October-10-2023"]
[Site "Chess.com"]
[Date "2023.10.10"]
[Round "8"]
[White "Zurability"]
[Black "banane_verte"]
[Result "1-0"]
[WhiteElo "2719"]
[BlackElo "2519"]
[TimeControl "180+1"]
[EndTime "9:28:24 PDT"]
[Termination "Zurability won on time"]

1. d4 d5 2. c4 c6 3. Nc3 Nf6 4. Nf3 e6 5. e3 Nbd7 6. Be2 dxc4 7. a4 Bb4 8. O-O O-O 9. Nd2 e5 10. Nxc4 exd4 11. exd4 Nb6 12. Ne5 Be6 13. a5 Nbd5 14. a6 Nxc3 15. bxc3 Bxc3 16. axb7 Bxa1 17. bxa8=Q Qxa8 18.
Ba3 Bc3 19. Bxf8 Qxf8 20. Qd3 Ba5 21. Nxc6 Bb6 22. Bf3 Qd6 23. d5 Bd7 24. Rd1 h6 25. g3 Qc5 26. Qe2 Kh8 27. Ne5 Kg8 28. d6 Bb5 29.
Qa2 Qxe5 30. Kg2 Bd7 31. Qd2 Qf5 32. Qe2 Qh3+ 33. Kg1 Bg4 34. Rc1 Qh5 35. Rc8+ Kh7 36. Qd3+ g6 37. d7 Nxd7 38. Qc3 Qe5 39. Bxg4 Qxc3 40.
Rxc3 Ne5 41. Be2 h5 42. Kg2 Kg7 43. f4 Nd7 44. Bc4 Kf6 45. Kf3 Nc5 46. Ba2 Ne6 47. Rc6 Ke7 48. Bxe6 fxe6 49. Ke4 Kf6 50. Rc2 Bg1 51.
h3 a5 52. Ra2 Bb6 53. g4 hxg4 54. hxg4 g5 55. Ra4 gxf4 56. Kxf4 Bc7+ 57. Kf3 Kg5 58. Rc4 Bd6 59. Rc6 Be7 60. Rxe6 Bd8 61.
Ra6 Kh4 62. Rh6+ Kg5 63. Rh5+ Kg6 64. Rd5 Bc7 65. Rc5 Bb6 66. Rc6+ Kg5 67. Rxb6 a4 68.
Rb5+ 1-0

[Event "Early-Titled-Tuesday-Blitz-October-10-2023"]
[Site "Chess.com"]
[Date "2023.10.10"]
[Round "8"]
[White "bazar-wokzal"]
[Black "emeli_chess"]
[Result "1/2-1/2"]
[WhiteElo "2544"]
[BlackElo "2394"]
[TimeControl "180+1"]
[EndTime "9:28:25 PDT"]
[Termination "Game drawn by repetition"]

1. e4 e5 2. Bc4 Nf6 3. d3 Nc6 4.
Nf3 Be7 5. O-O O-O 6. Re1 d6 7. a4 a5 8. c3 Be6 9. Nbd2 Qd7 10. Qb3 Bxc4 11. Nxc4 Nd8 12. Bg5 h6 13. Bxf6 Bxf6 14. d4 exd4 15. cxd4 Re8 16. e5 dxe5 17. dxe5 Be7 18.
Rad1 Qg4 19. h3 Qh5 20. Rd7 Bb4 21. Red1 Ne6 22. Ne3 Rad8 23. Rxd8 Rxd8 24. Rxd8+ Nxd8 25. Qd5 Nc6 26. Qd7 Bc5 27. Ng4 Bb6 28. Qc8+ Kh7 29. Qxb7 Nd8 30. Qd5 Ne6 31. Kh2 Qf5 32. Qc4 h5 33. Ne3 Bxe3 34. fxe3 Ng5 35. Nxg5+ Qxg5 36. Qe4+ g6 37. Qf4 Qe7 38. g4 h4 39. g5 Kg8 40.
Kg2 Qe6 41. Qe4 Qb3 42. Kf3 Qd1+ 43. Kf4 Qe1 44. Qf3 Qb4+ 45. e4 Qd2+ 46. Kg4 Qxb2 47. e6 fxe6 48. Kxh4 Qe5 49. Kg4 Kg7 50. h4 c5 51. h5 gxh5+ 52. Kxh5 Qh2+ 53. Kg4 Qe5 54. Qd3 Kg6 55. Qe3 c4 56. Kf3 Qxg5 57. Qd4 Qh5+ 58.
Ke3 Qh3+ 59. Kd2 Qb3 60. Qg1+ Kf6 61. Qd4+ Kg6 62. Qg1+ Kf6 63. Qd4+ Kg6 1/2-1/2

[Event "Early-Titled-Tuesday-Blitz-October-10-2023"]
[Site "Chess.com"]
[Date "2023.10.10"]
[Round "8"]
[White "scarabee43"]
[Black "tdf98pantani"]
[Result "0-1"]
[WhiteElo "2781"]
[BlackElo "2659"]
[TimeControl "180+1"]
[EndTime "9:28:27 PDT"]
[Termination "tdf98pantani won by checkmate"]

1. d4 Nf6 2. c4 g6 3. Nc3 Bg7 4. Nf3 O-O 5. Bg5 d6 6. e3 Nbd7 7.
Qc2 c6 8. Be2 a6 9. a4 a5 10.
O-O Nb8 11. e4 Bg4 12. Rad1 Qc7 13. Qc1 Na6 14. Bh6 e5 15. Bxg7 Kxg7 16. dxe5 dxe5 17. Qe3 Bxf3 18. Bxf3 Qe7 19. Be2 Nc5 20. f4 exf4 21.
Rxf4 Nfd7 22. Rdf1 Ne5 23. h4 f6 24. h5 Ne6 25.
R4f2 Rad8 26. Qg3 Ng5 27. Qh4 Qc5 28. Kh1 Qe7 29. Rf4 Ne6 30. h6+ Kg8 31. Rxf6 g5 32. Qf2 Nf4 33. Rxf8+ Rxf8 34. g3 Ne6 35. Qe3 Rf6 36. Rf5 Rxh6+ 37. Kg2 Nf7 38. e5 Ng7 39.
Rf2 Re6 40. c5 Rxe5 41. Qd4 Ne6 42. Qg4 Nh6 43. Qh5 Kg7 44. Bc4 Nd4 45. Qd1 Nhf5 46. Qd3 Re3 47. Qf1 Rxg3+ 48. Kh1 Qe8 49. Bd3 Qh5+ 50.
Rh2 Qg4 51. Be4 h5 52. Qf2 h4 53. Rg2 Rh3+ 54. Kg1 Rg3 55. Rxg3 Qxg3+ 56. Qxg3 Nxg3 57. Bg2 Kf6 58. Bh3 Ke5 59. Bc8 Nb3 60. Bxb7 Nd4 61.
b4 axb4 62. Nb1 Nge2+ 63. Kf2 Nc3 64. Nxc3 bxc3 65. Ke3 h3 66. a5 h2 67. a6 h1=Q 68.
a7 Qf3# 0-1

[Event "Early-Titled-Tuesday-Blitz-October-10-2023"]
[Site "Chess.com"]
[Date "2023.10.10"]
[Round "8"]
[White "cande_francisco"]
[Black "GalaxyRoman"]
[Result "0-1"]
[WhiteElo "2536"]
[BlackElo "2791"]
[TimeControl "180+1"]
[EndTime "9:28:27 PDT"]
[Termination "GalaxyRoman won by resignation"]

1. e4 e5 2. Nf3 Nc6 3. Bb5 a6 4. Ba4 Nf6 5. d3 d6 6. c4 g6 7. O-O Bg7 8. h3 O-O 9. Nc3 Nd7 10. Be3 h6 11. Bxc6 bxc6 12. d4 Rb8 13. Qd2 Kh7 14. Rab1 Qe7 15. dxe5 Nxe5 16. Nxe5 Qxe5 17. f4 Qa5 18.
Bd4 Bxd4+ 19. Qxd4 Qb6 20. c5 Qxc5 21. Qxc5 dxc5 22. Rf2 Be6 23. Rc1 Rb4 24. f5 gxf5 25.
exf5 Bc4 26. b3 Bd3 27. Nd1 c4 28. Nb2 Rd8 29. Rf4 Rd5 30. g4 h5 31. Nxc4 hxg4 32.
hxg4 Kh6 33. Kf2 Kg5 34. Kg3 Bxc4 35. bxc4 Rd3+ 36. Rf3 Rxf3+ 37. Kxf3 Rb2 38. Rh1 Rxa2 39. Rh5+ Kf6 40. Rh6+ Kg5 41. Rh5+ Kf6 42. Rh6+ Ke5 43. Rxc6 Ra3+ 44. Ke2 Ra2+ 45. Kf3 Ra3+ 46. Kf2 Kf4 47. Rxc7 Ra2+ 48. Ke1 f6 49. Rc6 Kg5 50. Re6 a5 51. Re4 a4 52. Kd1 a3 53. Kc1 Rg2 54. Kb1 Rxg4 55.
Re3 Rxc4 56. Rxa3 Kxf5 57. Rf3+ Kg5 58. Kb2 f5 59. Kb3 Rc8 60. Rg3+ Kf4 61. Rg1 Ke3 62.
Re1+ Kf2 63. Re7 f4 64. Rf7 f3 65. Rg7 Kf1 66. Re7 f2 67. Rf7 Rg8 68. Kc3 Kg1 0-1

[Event "Early-Titled-Tuesday-Blitz-October-10-2023"]
[Site "Chess.com"]
[Date "2023.10.10"]
[Round "8"]
[White "falzehope0"]
[Black "wannabe2700"]
[Result "0-1"]
[WhiteElo "2315"]
[BlackElo "2645"]
[TimeControl "180+1"]
[EndTime "9:28:28 PDT"]
[Termination "wannabe2700 won on time"]

1. d4 Nf6 2. e3 Ne4 3. Bd3 Nxf2 4. Kxf2 g6 5. Nf3 Bg7 6. Rf1 d6 7. Kg1 O-O 8. Qe1 Nc6 9. Qh4 e5 10. Qxd8 Rxd8 11. dxe5 dxe5 12. e4 h6 13. a3 f5 14.
Nc3 Be6 15. Be3 f4 16. Bf2 g5 17. h3 a6 18. Rfd1 Nd4 19. Nxd4 exd4 20. Nd5 Rd7 21. Be2 Kf7 22. Bh5+ Kf8 23. Be1 Rad8 24. Bb4+ Kg8 25. Ne7+ Kh7 26. Nf5 Be5 27. Bg4 Bf7 28. Be2 b6 29.
Bxa6 c5 30. Be1 c4 31. Bb5 Rc7 32. Bb4 h5 33. Rd2 g4 34. Rad1 f3 35. Nxd4 Bf4 36. Nf5 Bxd2 37. Bxd2 c3 38. bxc3 Rxc3 39. Bd3 Rxa3 40.
Be3 fxg2 41. Kxg2 b5 42. hxg4 Ra2 43. Kg3 b4 44. e5 Bg6 45. gxh5 Bxh5 46. Rh1 Rg8+ 47.
Kf4 Rg4+ 48. Kf3 Rh4+ 49. Kg2 Rxh1 50. Kxh1 Bg6 51. e6 b3 52. cxb3 Ra3 53. e7 Rxb3 54.
Be4 Rxe3 55. e8=Q Re1+ 56. Kg2 Bxe8 57. Kf3 Bh5+ 58. Kf4 Kg8 59. Bd5+ Kf8 60. Be4 Bf7 61.
Ke5 Bb3 62. Kf4 Kf7 63. Bf3 Rf1 64. Ke3 Kf6 65. Nd4 Bf7 66. Be2 Ra1 67. Bd3 Ra3 68.
Kd2 Ke5 69. Nc2 Ra2 70. Kc3 Ra7 71. Kd2 Rd7 72. Kc3 Kf4 73. Nb4 Ke3 74. Bb5 Rc7+ 75. Kb2 Rb7 76. Ka3 Rxb5 77. Ka4 Rb7 78. Ka5 Bc4 79.
Nc6 Kd3 0-1

[Event "Early-Titled-Tuesday-Blitz-October-10-2023"]
[Site "Chess.com"]
[Date "2023.10.10"]
[Round "8"]
[White "Drags95"]
[Black "AlexPapasimakopoulos"]
[Result "0-1"]
[WhiteElo "2851"]
[BlackElo "2721"]
[TimeControl "180+1"]
[EndTime "9:28:29 PDT"]
[Termination "AlexPapasimakopoulos won by resignation"]

1. d4 d5 2. c4 e6 3. Nc3 a6 4.
cxd5 exd5 5. Nf3 c6 6. Bf4 Bd6 7. e3 Bxf4 8. exf4 Nf6 9. Bd3 O-O 10. O-O Bg4 11. h3 Bxf3 12. Qxf3 Qb6 13. Rfd1 Nbd7 14. Rab1 Rfe8 15. g4 Re7 16. g5 Ne8 17. f5 f6 18.
h4 Nd6 19. Kh1 Qxd4 20. Qg3 Qe5 21. Re1 Qxg3 22. fxg3 Rae8 23. Rxe7 Rxe7 24. Bc2 h6 25. g6 Kf8 26. Rd1 Nc4 27. Rd4 Nc5 28. b4 Ne3 29. Bb1 Nd7 30. a4 Ne5 31. b5 c5 32. Rd2 d4 33. Ne4 N5c4 34. Rf2 b6 35. bxa6 Ra7 36. a5 Rxa6 37. axb6 Ra1 38. Ra2 Rxb1+ 39.
Kh2 Nxb6 40. Ra7 Rb2+ 41. Kh3 Nxf5 42. Nxc5 h5 43. Ne6+ Ke8 44. Nxg7+ Nxg7 45. Rxg7 Kf8 46. Rf7+ Kg8 47. Rxf6 Nd5 48. Rd6 Rb5 49. Kg2 Kg7 50. Kf3 Nf6 51. Rxd4 Kxg6 52. Rc4 Rb6 53. Ra4 Rb3+ 54.
Kf4 Rb6 55. Ra5 Re6 56. Rg5+ Kf7 57. Ra5 Rc6 58. Kf5 Rc7 59. Ra6 Rc5+ 60. Kf4 Kg6 61.
Rb6 Rf5+ 62. Ke3 Rf1 63. Ra6 Kg7 64. Ra5 Ng4+ 65. Ke2 Rf2+ 66. Ke1 Kh6 67. Ra6+ Rf6 68. Ra5 Rf3 69. Ra6+ Kg7 70. Ra5 Kg6 71. Ra6+ Nf6 72. Ke2 Rxg3 73. Kf2 Rg4 0-1

[Event "Early-Titled-Tuesday-Blitz-October-10-2023"]
[Site "Chess.com"]
[Date "2023.10.10"]
[Round "8"]
[White "mishanick"]
[Black "frederiksvane"]
[Result "1-0"]
[WhiteElo "3090"]
[BlackElo "2907"]
[TimeControl "180+1"]
[EndTime "9:28:31 PDT"]
[Termination "mishanick won by resignation"]

1. d4 e6 2. c4 Bb4+ 3. Nc3 Nf6 4. e3 O-O 5. Bd3 d5 6. a3 dxc4 7. Bxc4 Bd6 8. Nf3 Nc6 9. O-O e5 10. d5 Ne7 11. e4 h6 12. Re1 a6 13. Bf1 c6 14. dxc6 Nxc6 15. h3 Be6 16. b4 a5 17. b5 Nd4 18. Nxd4 exd4 19. Ne2 d3 20. Nf4 Bxf4 21. Bxf4 Bc4 22. Re3 Qd4 23. Bxd3 Bxd3 24. Rxd3 Qxe4 25. Rd4 Qf5 26. a4 Rac8 27. Qf3 g5 28. g4 Qe6 29. Bg3 Rfd8 30. Rxd8+ Rxd8 31. Qxb7 Rd3 32. Qc6 Qxc6 33. bxc6 Rc3 34. c7 Nd5 35.
Rb1 Nxc7 36. Be5 Rc5 37. Rb8+ Kh7 38. Rh8+ Kg6 39. Rg8+ Kh7 40. Rg7+ Kh8 41. Bb2 Rc2 42. Be5 Ne6 43. Rxf7+ Kg8 44. Rf6 Nc5 45. Rxh6 Nxa4 46.
Rg6+ Kf7 47. Rxg5 Nc5 48. Bd4 Ne6 49. Rf5+ Ke8 50. Bf6 a4 51. Ra5 Ra2 52. Kg2 Nf4+ 53. Kg3 Ne2+ 54. Kh4 Nf4 55. f3 Kf7 56. g5 Kg6 57.
Kg4 Nd3 58. f4 Rg2+ 59. Kf3 Ra2 60. f5+ Kh5 61. g6 Rf2+ 62. Ke3 a3 63. Kxd3 a2 64. g7 a1=Q 65. Rxa1 Rg2 66. Ra8 Rxg7 1-0

[Event "Early-Titled-Tuesday-Blitz-October-10-2023"]
[Site "Chess.com"]
[Date "2023.10.10"]
[Round "8"]
[White "Alexander_Donchenko"]
[Black "GMBenjaminBok"]
[Result "1/2-1/2"]
[WhiteElo "2850"]
[BlackElo "3014"]
[TimeControl "180+1"]
[EndTime "9:28:31 PDT"]
[Termination "Game drawn by repetition"]

1. c4 c5 2. g3 g6 3. Bg2 Bg7 4. Nc3 Nc6 5. Nf3 d6 6. O-O Rb8 7. e3 Nf6 8. d4 O-O 9. Re1 a6 10. b3 b5 11. cxb5 axb5 12. dxc5 dxc5 13. Bb2 Qa5 14. Nd5 Rd8 15. Bc3 b4 16. Bxf6 exf6 17. Nd2 f5 18. Nc4 Qa7 19. Qc2 Bxa1 20. Rxa1 Be6 21.
Nf6+ Kg7 22. Qb2 Nd4 23. exd4 cxd4 24. Ne5 Kxf6 25. Nc6 Qc5 26. Rc1 Qd6 27. Rd1 Qc5 28. Nxb8 Qc3 29. Qd2 Qxd2 30. Rxd2 Rxb8 31. Rxd4 Ke5 32.
Rd2 g5 33. h4 h6 34. hxg5 hxg5 35. Kf1 Rb6 36. Ke2 f4 37. gxf4+ Kxf4 38. Rd4+ Ke5 39. Ke3 f5 40. f4+ gxf4+ 41. Rxf4 Ra6 42. Rxb4 Rxa2 43.
Rb5+ Kf6 44. Bf3 Rb2 45. Bd1 Kg5 46. Rb6 Bf7 47. Rb5 Be8 48. Re5 Bg6 49. Rb5 Bf7 50. Ra5 Rh2 51. b4 Rb2 52. b5 Bc4 53. b6 Rxb6 54. Bc2 Be6 55. Rc5 Bd7 56. Bd3 Rb3 57.
Kd2 Rb2+ 58. Ke3 Ra2 59. Be2 Ra3+ 60. Kf2 Be6 61. Bf3 Kf4 62. Bd5 Bd7 63. Rc4+ Ke5 64.
Bf3 Be6 65. Rb4 Rc3 66. Rb5+ Kf4 67. Rb4+ Kg5 68. Rb5 Bc4 69. Rc5 Rc2+ 70. Ke3 Rc3+ 71. Kf2 Rc2+ 72. Ke3 Rc3+ 73. Kf2 1/2-1/2

[Event "Early-Titled-Tuesday-Blitz-October-10-2023"]
[Site "Chess.com"]
[Date "2023.10.10"]
[Round "8"]
[White "Cheer_Down"]
[Black "esrosenberg"]
[Result "0-1"]
[WhiteElo "2489"]
[BlackElo "2390"]
[TimeControl "180+1"]
[EndTime "9:28:34 PDT"]
[Termination "esrosenberg won by resignation"]

1. e4 e5 2. Nf3 Nc6 3. Bc4 Nf6 4. d3 h6 5. O-O d6 6. c3 g5 7. Nbd2 Bg7 8. Bb3 O-O 9. h3 d5 10. Re1 dxe4 11. dxe4 a5 12. a4 Re8 13. Qc2 Be6 14. Nf1 Nd7 15. Be3 Qe7 16. Bxe6 fxe6 17. Qb3 Rab8 18. Rad1 Kh7 19. Qc4 Rf8 20. Rd2 Rf7 21.
Red1 Nb6 22. Bxb6 cxb6 23. Qb5 Qc7 24. Ne3 Rbf8 25. Nc4 Rf4 26. Qxb6 Qxb6 27. Nxb6 Rxe4 28. Rd7 Re2 29. Nc4 e4 30. Rxb7 exf3 31. Rdd7 Rg8 32. gxf3 Ne5 33. Nxe5 Rxe5 34. Rb5 Rf5 35. Kg2 Kg6 36.
Rb6 Rf6 37. Rdd6 Re8 38. b4 Bf8 39. Rdc6 axb4 40. cxb4 Rf4 41. Rxe6+ Rxe6 42. Rxe6+ Kf7 43. Ra6 Rxb4 44. a5 Ra4 45. Ra7+ Kg6 46. a6 Bc5 47. Rc7 Bd4 48. Rc6+ Kh5 49. Rd6 Be5 50. Re6 Bf4 51. Rc6 Ra2 52. Re6 Bb8 53. f4 Bxf4 54. Kf3 Bb8 55. Rf6 Ba7 56. Kg3 Bb8+ 57. Kg2 Be5 58.
Re6 Bd4 59. Rd6 Bxf2 60. Kf3 Bc5 61. Rc6 Ba7 62. Ke4 Ra4+ 63. Kd5 Ra3 64. Kc4 Rxh3 65. Rc7 Bg1 66. a7 Bxa7 67. Rxa7 Re3 68. Kd4 Re1 69. Kd3 g4 70. Kd2 Re8 71. Ra1 Kg5 72.
Rh1 h5 73. Ra1 g3 74. Ra5+ Kg4 0-1

[Event "Early-Titled-Tuesday-Blitz-October-10-2023"]
[Site "Chess.com"]
[Date "2023.10.10"]
[Round "8"]
[White "dropstoneDP"]
[Black "MagnusCarlsen"]
[Result "1-0"]
[WhiteElo "3087"]
[BlackElo "3277"]
[TimeControl "180+1"]
[EndTime "9:28:38 PDT"]
[Termination "dropstoneDP won by resignation"]

1. e4 a6 2. d4 e6 3. Be3 Nf6 4.
Nd2 b6 5. Bd3 Bb7 6. h3 d6 7.
Ne2 Nbd7 8. c3 Be7 9. Ng3 O-O 10.
Nf3 Re8 11. O-O e5 12. Re1 Bf8 13. d5 b5 14. b3 c6 15. c4 Qc7 16. Rc1 bxc4 17.
Bxc4 c5 18. Nd2 a5 19. Bb5 Ba6 20. Bxa6 Rxa6 21. a4 Rb8 22. Ne2 Qb7 23. Nc3 Ne8 24. Nb5 Nc7 25. Na3 Be7 26. Rb1 Raa8 27. Ndc4 Qa6 28.
f4 Bf6 29. Kh1 Rb4 30. Bd2 exf4 31. Bxf4 Ne8 32. Nb5 Ne5 33. Bxe5 Bxe5 34. Nxe5 dxe5 35. d6 Rd8 36. Qd5 Nf6 37. Qxe5 Qc6 38. Rbd1 h6 39. Nc3 Rd4 40. Nd5 Nxd5 41. Rxd4 cxd4 42. exd5 Qxd6 43. Qxd4 Rb8 44. Re3 Rc8 45. Qe5 Rd8 46.
Qxd6 Rxd6 47. Rd3 Kf8 48. Kg1 Ke7 49. Kf2 Rb6 50. Ke3 Kd6 51. Kd4 g5 52. Kc3 f5 53.
Rd4 Kc5 54. d6 Rxd6 55. Rxd6 Kxd6 56. b4 axb4+ 57. Kxb4 f4 58. Kc4 h5 59. Kd4 g4 60. h4 f3 61. gxf3 gxf3 62. Ke3 Kc5 63. Kxf3 Kb4 64. Kf4 Kxa4 65. Kg5 Kb5 66. Kxh5 Kc6 67.
Kg6 Kd7 68. Kf7 1-0

[Event "Early-Titled-Tuesday-Blitz-October-10-2023"]
[Site "Chess.com"]
[Date "2023.10.10"]
[Round "8"]
[White "vedantgoswami"]
[Black "koncheto"]
[Result "1/2-1/2"]
[WhiteElo "2391"]
[BlackElo "2508"]
[TimeControl "180+1"]
[EndTime "9:28:39 PDT"]
[Termination "Game drawn by repetition"]

1. c3 d5 2. d4 Bf5 3. Qb3 b6 4. Nf3 Nf6 5. Bf4 Nbd7 6. Nbd2 e6 7. e3 Be7 8. h3 h6 9. Bb5 O-O 10. Bc6 Rc8 11. Bb7 Rb8 12. Bc6 Ne4 13. a4 a5 14.
O-O Nxd2 15. Nxd2 Bd6 16. Nf3 f6 17. c4 Bxf4 18. exf4 dxc4 19. Qxc4 Re8 20. Rfe1 Qe7 21.
Rac1 Rec8 22. Qb5 Nc5 23. dxc5 bxc5 24. Qxc5 Qf7 25. Nd4 Bh7 26. Nxe6 Rxb2 27. Bd5 Kh8 28. Qc3 Rb4 29. g3 Qh5 30. Bg2 Bg8 31. Nd4 Rc4 32.
Qe3 Rxa4 33. g4 Qf7 34. f5 Ra2 35. Ne6 a4 36. Ra1 Rxa1 37. Rxa1 Qd7 38. Qe4 Re8 39.
Qxa4 Bxe6 40. fxe6 Qxe6 41. Rf1 c5 42. Qf4 c4 43. Rc1 Rc8 44. Qf5 Qe8 45. Be4 Kg8 46. Qh7+ Kf8 47. Qh8+ Kf7 48. Qxe8+ Kxe8 49. Bd5 c3 50. Kf1 Ke7 51. Be4 Kd6 52. Ke2 Ke5 53. Bd3 Kf4 54. Rc2 Re8+ 55. Kf1 Rc8 56. Be2 Rc5 57.
Rc1 Ke5 58. Rd1 c2 59. Rc1 Kd4 60. Bf3 Kc3 61. Be4 Kd2 62. Rxc2+ Rxc2 63. Bxc2 Kxc2 64. Ke2 g6 65. Ke3 Kd1 66. f4 Ke1 67. h4 Kf1 68.
Kf3 Ke1 69. Ke3 Kd1 70. Kd3 Ke1 71. Ke3 1/2-1/2